 Dungeon Crawl Stone Soup version 0.24.0-1-gfbc8707122 (webtiles) character file.

Game seed: 2866764645484215449, levelgen mode: deterministic

8 Gildeon the Insei (level 2, -1/18 HPs)
             Began as an Octopode Transmuter on Oct 27, 2019.
             Slain by a hobgoblin (4 damage)
             ... on level 1 of the Dungeon.
             The game lasted 00:01:26 (236 turns).

Gildeon the Insei (Octopode Transmuter)              Turns: 236, Time: 00:01:27

Health: -1/18      AC:  1    Str:  9    XL:     2   Next: 8%
Magic:  2/5        EV: 13    Int: 15    God:
Gold:   14         SH:  0    Dex: 12    Spells: 4/5 levels left

rFire    + . .     SeeInvis .     - Unarmed
rCold    . . .     Gourm    .   (no shield)
rNeg     . . .     Faith    .   (helmet restricted)
rPois    .         Spirit   .   (no amulet)
rElec    .         Reflect  .   f - ring of protection from fire
rCorr    .         Harm     .   (no ring)
MR       .....                  (no ring)
Stlth    ++........             (no ring)
HPRegen  0.06/turn              (no ring)
MPRegen  0.09/turn              (no ring)
                                (no ring)
                                (no ring)

@: appendage (expiring), very slightly contaminated
A: almost no armour, stealthy swim, amphibious, 8 rings, constrict 8, tentacle
spike 3, camouflage 1, gelatinous body 1
a: End Transformation


You were on level 1 of the Dungeon.
You were not hungry.
One of your tentacles had a temporary spike.
You visited 1 branch of the dungeon, and saw 1 of its levels.

You collected 14 gold pieces.

Inventory:

Missiles
 a - 12 arrows
Jewellery
 f - a ring of protection from fire (left tentacle)
Scrolls
 d - 2 scrolls of identify {unknown}
 g - a scroll of enchant weapon {unknown}
Potions
 e - a potion of heal wounds {unknown}
Comestibles
 b - 3 chunks of flesh
 c - a ration


   Skills:
 + Level 1.2 Fighting
 + Level 2.1 Dodging
 + Level 0.8 Stealth
 + Level 3.0 Unarmed Combat
 + Level 2.0 Spellcasting
 + Level 2.1 Transmutations


You had 4 spell levels left.
You knew the following spells:

 Your Spells              Type           Power        Failure   Level  Hunger
a - Beastly Appendage     Tmut           #.....       10%         1    #......

Your spell library contained the following spells:

 Spells                   Type           Power        Failure   Level  Hunger
 Sticks to Snakes         Tmut           #.......     14%         2    ###....
 Spider Form              Tmut/Pois      #.........   38%         3    ###....
 Ice Form                 Ice/Tmut       #.......     80%         4    #####..
 Blade Hands              Tmut           #.........   95%         5    ######.


Dungeon Overview and Level Annotations

Branches:
Dungeon (1/15)

Altars:


Innate Abilities, Weirdness & Mutations

You cannot wear most types of armour.
You are very stealthy in the water. (Stealth+)
You are amphibious.
You can wear up to eight rings at the same time.
You can use your tentacles to constrict eight enemies at once.
Your skin changes colour to match your surroundings (Stealth+).
Your rubbery body absorbs attacks. (AC +1, EV +1)
One of your tentacles bears a large vicious spike.


Message History

The jackal closely misses you.
You closely miss the jackal. You grab the jackal.
You pierce the jackal.
The jackal is moderately wounded.
You constrict the jackal, but do no damage.
The jackal barely misses you.
You tentacle-slap the jackal but do no damage.
The jackal is moderately wounded.
Your transformation is almost over.
You constrict the jackal.
The jackal bites you but does no damage.
You tentacle-slap the jackal but do no damage.
The jackal is severely wounded.
You constrict the jackal.
You kill the jackal!
You closely miss the hobgoblin. You grab the hobgoblin.
You constrict the hobgoblin, but do no damage.
The hobgoblin completely misses you.
You tentacle-slap the hobgoblin but do no damage.
You constrict the hobgoblin. The hobgoblin hits you.
You die...

############
...........####
...#####......#
...# #......#
...###
#......##
.....#
#.......#
...#.#
#######.###
.....# #...#
...#.# ###@#
...#.). #g#
#.##.#.# #.#
#.# ...# ...
#.. #[ # ...
...# .. .....
##.. .. .....
.. #######


You could see a hobgoblin.

Vanquished Creatures
  A giant cockroach (D:1)
  A hobgoblin (D:1)
  2 jackals (D:1)
  A kobold (D:1)
  A goblin (D:1)
  A rat (D:1)
7 creatures vanquished.

Notes
Turn   | Place    | Note
-------+----------+-------------------------------------------
     0 | D:1      | Gildeon the Octopode Transmuter began the quest for the
                  | Orb.
     0 | D:1      | Reached XP level 1. HP: 13/13 MP: 3/3
   231 | D:1      | Reached XP level 2. HP: 3/18 MP: 1/5
   236 | D:1      | Slain by a hobgoblin

Levels and vault maps discovered:
D:1:      dpeg_arrival_tiny_k, layout_rooms

Action                   || total
-------------------------++-------
Melee: Unarmed           ||    20
       Constrict         ||     6
       Kick              ||     2
       Tentacles         ||     1
 Cast: Beastly Appendage ||     4
Armor: Skin              ||     2
Dodge: Dodged            ||    14
